 Dungeon Crawl Stone Soup version 0.31.0-32-g396128a36d (webtiles) character file.

Game seed: 353992315800449663

2142 spaghetti the Caller (level 9, -1/108 HPs)
             Began as a Naga Chaos Knight on Mar 10, 2024.
             Was a Plaything of Xom.
             Slain by a gnoll bouda
             ... wielding a +0 club
             ... summoned by Xom
              (6 damage)
             ... on level 7 of the Dungeon.
             The game lasted 00:06:59 (6339 turns).

spaghetti the Caller (Naga Chaos Knight)            Turns: 6339, Time: 00:07:00

Health: -1/108     AC:  7    Str: 15    XL:     9   Next: 30%
Magic:  20/20      EV:  9    Int: 16    God:    Xom [*.....]
Gold:   374        SH:  0    Dex:  7    Spells: 19/22 levels left

rFire   . . .        j - +2 spear (venom)
rCold   + . .        (no shield)
rNeg    . . .        b - +2 leather armour
rPois   +            (no helmet)
rElec   .            m - +0 cloak
rCorr   .            (no gloves)
SInv    +            (no barding)
Will    ++...        e - amulet of magic regeneration Stlth
                     g - ring of protection from cold
HPRegen 0.38/turn    (no ring)
MPRegen 0.57/turn

%: no passive effects
@: berserking, weakened, enlightened, unable to call your familiar, flying,
quick
A: AC +3, large, see invisible, deformed body, poison resistance, slowness 2,
spit poison 2, naga tail 1, clumsy 2, frail 1
a: Breathe Poison Gas, Renounce Religion


You were on level 7 of the Dungeon.
You worshipped Xom.
You were a special plaything of Xom.
You visited 1 branch of the dungeon, and saw 7 of its levels.

You collected 374 gold pieces.

Inventory:

Hand Weapons
 a - a +2 spear of chaos
 j - a +2 spear of venom (weapon)
Missiles
 p - 2 curare-tipped darts
 r - 2 throwing nets (quivered)
Armour
 b - a +2 leather armour (worn)
 i - a +0 pair of boots
 m - a +0 cloak (worn)
Jewellery
 e - an amulet of magic regeneration (around neck)
 g - a ring of protection from cold (left hand)
 k - an amulet of faith
Wands
 q - a wand of iceblast (6)
Scrolls
 c - 2 scrolls of immolation
 f - 4 scrolls of teleportation
 t - a scroll of amnesia
Potions
 d - 2 potions of brilliance
 h - a potion of resistance
 l - 3 potions of degeneration


   Skills:
 - Level 5.0 Fighting
 - Level 3.0 Polearms
 - Level 1.5 Armour
 - Level 0.7 Dodging
 + Level 7.3 Spellcasting
 + Level 7.8 Summonings


You had 19 spell levels left.
You knew the following spells:

 Your Spells              Type           Power      Damage    Failure   Level
a - Call Canine Familiar  Summ           30%        N/A       1%          3

Your spell library contained the following spells:

 Spells                   Type           Power      Damage    Failure   Level
 Sigil of Binding         Hex            5%         N/A       41%         3
 Tukima's Dance           Hex            5%         N/A       41%         3
 Dimensional Bullseye     Hex/Tloc       2%         N/A       82%         4
 Iskenderun's Mystic Bla  Conj/Tloc      5%         2d3       82%         4


Dungeon Overview and Level Annotations

Branches:
Dungeon (7/15)
 Temple: D:4-7

Altars:
Xom

Shops:
D:6 *


Innate Abilities, Weirdness & Mutations

Your serpentine skin is tough. (AC +3)
You have supernaturally acute eyesight. (SInv)
Armour fits poorly on your strangely shaped body.
Your system is resistant to poisons. (rPois)
You cover ground very slowly.
You can exhale a cloud of poison.
You have a snake-like lower body.
You are very clumsy. (Dex -4)
You are frail. (-10% HP)


Message History

The ball of steam hits the gnoll!
The gnoll dies!
The gnoll's corpse disappears in a puff of smoke!
The ball of steam hits your inugami!
Your inugami dies!
Your inugami disappears in a puff of smoke!
The ball of steam hits you! The hound bites you.
You are engulfed in a cloud of scalding steam.
* * * LOW HITPOINT WARNING * * *
The hound attacks as it pursues you! The hound bites you but does no damage.
The hound is engulfed in a cloud of scalding steam.
The hound bites you but does no damage.
Okay, then.
Okay, then.
It was a potion of enlightenment.
You feel very buoyant.
You fly up into the air.
You are engulfed in a cloud of scalding steam.
* * * LOW HITPOINT WARNING * * *
The hound is engulfed in a cloud of scalding steam.
The hound closely misses you.
The gnoll bouda gazes fiercely through you!
You feel your attacks grow feeble.
Okay, then.
The hound is engulfed in a cloud of scalding steam.
The hound bites you but does no damage.
A red film seems to cover your vision as you go berserk!
You feel yourself moving faster!
You feel mighty!
Xom is amused.
The hound bites you but does no damage. x2
Unknown command.
You hit the hound.
You kill the hound!
The hound's corpse disappears in a puff of smoke!
You barely miss the gnoll bouda. You puncture the gnoll bouda!
The gnoll bouda is poisoned.
The gnoll bouda is moderately wounded.
The gnoll bouda hits you with a +0 club.
You die... "It's all fun and games until someone loses an eye."

.. .>. . .. ... #. .# #..
.. ....# #. .#.# .. g)#
#.#.#.#.#
####.......)g#############
.... #.#.#.#Dggg@........#
#.# ..........##########.#
..# #.##..##### #.# .#
#.... ####.## .# #.#
#...#.# .# #.# #)##.## .#
#.# #.#### .# #.# #.#
.####.###### #.#


You could see a steam dragon (summoned), a gnoll bouda (summoned, very poisoned)
and 3 gnolls.

Vanquished Creatures
  A steam dragon (D:6)
  A water moccasin (D:7)
  3 ice beasts
  A black bear (D:4)
  An orc warrior (D:7)
  2 sky beasts
  2 centaurs
  5 scorpions
  3 wights
  2 bombardier beetles
  A howler monkey (D:7)
  2 iguanas
  2 jellies
  2 gnolls (D:3)
  4 adders
  A shadow imp (D:6)
  An ufetubus (D:7)
  3 dart slugs
  4 ribbon worms (D:2)
  8 orcs
  3 bats (D:3)
  6 endoplasms
  5 giant cockroaches
  3 goblins
  10 hobgoblins
  2 jackals (D:1)
  2 quokkas
  5 ball pythons
  6 frilled lizards
  7 kobolds
  A rat (D:3)
99 creatures vanquished.

Vanquished Creatures (collateral kills)
  An ogre (D:4)
  A phantom (D:6)
  A wight (D:5)
  A howler monkey (D:7)
  An adder (D:6)
  An orc (D:7)
  2 kobolds (D:4)
8 creatures vanquished.

Vanquished Creatures (others)
  An orc wizard (D:7)
  A goblin zombie (D:3)
2 creatures vanquished.

Grand Total: 109 creatures vanquished

Notes
Turn   | Place    | Note
-------+----------+-------------------------------------------
     0 | D:1      | spaghetti the Naga Chaos Knight began the quest for the
                  | Orb.
     0 | D:1      | Reached XP level 1. HP: 21/21 MP: 1/1
   156 | D:1      | Reached XP level 2. HP: 22/28 MP: 3/3
   220 | D:1      | Reached skill level 1 in Spellcasting
   423 | D:1      | XOM: potion effect (invisibility)
   494 | D:1      | Reached XP level 3. HP: 32/34 MP: 5/5
   498 | D:1      | Learned a level 3 spell: Call Canine Familiar
   669 | D:1      | XOM is BORED!
  2007 | D:3      | Reached skill level 1 in Summonings
  2007 | D:3      | Reached XP level 4. HP: 44/44 MP: 6/6
  2181 | D:3      | XOM: enchant monster (good)
  2188 | D:3      | Noticed a nameless horror
  2330 | D:3      | XOM: god gift: 23 gold pieces
  2419 | D:4      | XOM: 1-stop teleportation journey
  2510 | D:4      | Gained mutation: You are frail. (-10% HP) [potion of
                  | mutation]
  2510 | D:4      | Gained mutation: Your mind is acute. (Int +4, Str/Dex -1)
                  | [potion of mutation]
  2510 | D:4      | Gained mutation: You are clumsy. (Dex -2) [potion of
                  | mutation]
  2510 | D:4      | Gained mutation: You are strong-willed. (Will+) [potion of
                  | mutation]
  2542 | D:4      | Noticed an ogre
  2545 | D:4      | XOM: summons 4 friendly demons
  2550 | D:4      | Killed an ogre
  2551 | D:4      | Reached XP level 5. HP: 22/45 MP: 8/8
  2560 | D:4      | Noticed a black bear
  2571 | D:4      | Killed a black bear
  2572 | D:4      | Reached XP level 6. HP: 30/54 MP: 8/10
  2707 | D:4      | XOM: polymorph orc -> kobold
  2778 | D:4      | XOM: 3-stop teleportation journey
  2891 | D:4      | Identified the +2 robe of a sewer {rElec rF+ SInv}
  3023 | D:4      | Reached skill level 5 in Fighting
  3455 | D:5      | Entered Level 5 of the Dungeon
  3550 | D:5      | XOM: silly message
  3656 | D:5      | Reached XP level 7. HP: 23/60 MP: 12/12
  3849 | D:5      | XOM: potion effect (haste)
  4049 | D:5      | Found a shimmering altar of Xom.
  4321 | D:5      | XOM: 2-stop teleportation journey
  4408 | D:5      | XOM: summons friendly iron imp
  4565 | D:5      | XOM: chaos upgrade
  4572 | D:5      | Reached skill level 5 in Spellcasting
  4572 | D:5      | Reached skill level 5 in Summonings
  4572 | D:5      | Reached XP level 8. HP: 24/63 MP: 15/15
  4624 | D:5      | XOM: give mutations
  4624 | D:5      | Gained mutation: You are very clumsy. (Dex -4) [Xom's
                  | mischief]
  4624 | D:5      | Gained mutation: Your mind is very acute. (Int +8, Str/Dex
                  | -2) [Xom's mischief]
  4624 | D:5      | Gained mutation: You can exhale a cloud of poison. [Xom's
                  | mischief]
  5119 | D:6      | Found Xukarph's Assorted Antiques.
  5192 | D:6      | XOM: confusion (+ monsters)
  5299 | D:6      | XOM: enchant monster (bad)
  5428 | D:6      | XOM: 5-stop teleportation journey
  5504 | D:6      | XOM: give mutations
  5504 | D:6      | Lost mutation: Your mind is very acute. (Int +8, Str/Dex
                  | -2) [Xom's mischief]
  5504 | D:6      | Lost mutation: Your mind is acute. (Int +4, Str/Dex -1)
                  | [Xom's mischief]
  5504 | D:6      | Lost mutation: You are strong-willed. (Will+) [Xom's
                  | mischief]
  5948 | D:7      | XOM: summons friendly shadow imp
  5949 | D:7      | XOM: blink monster(s)
  6088 | D:7      | Reached XP level 9. HP: 69/72 MP: 17/19
  6284 | D:7      | XOM: repel stairs
  6330 | D:7      | XOM: summons 4 hostile shadow creatures
  6334 | D:7      | HP: 2/72 [steam dragon][Xom] (13)]
  6339 | D:7      | Slain by a gnoll bouda

Illustrated notes

Levels and vault maps discovered:
D:1:      reono_arrival_mine, layout_loops_ring
D:2:      layout_basic
D:3:      layout_rooms, serial_bayou_lake_a
D:4:      layout_gridville
D:5:      layout_loops_ring, xom_teletrap_fun,
          mainiacjoe_sewer_entry_somewhere_in_here_1
D:6:      layout_rooms, serial_shops, shop, grunt_decor_clamped
D:7:      layout_loops_ring, mainiacjoe_overflow_alcove_4,
          minmay_temple_entry_grid, serial_demonic, serial_demonic_c,
          serial_demonic_e, serial_demonic_c, serial_demonic_c, st_stairs_2,
          amcnicky_mini_pool_small, minmay_misc_feat_tower

Skill      XL: |  1  2  3  4  5  6  7  8  9 |
---------------+----------------------------+-----
Spellcasting   | 1 2 3 5 6 7 |  7.3
Summonings     | 1 2 3 5 7 |  7.8
Fighting       | 4 5 |  5.0
Polearms       | |  3.0
Armour         | |  1.5
Dodging        | |  0.7

Action                     |  1- 3 |  4- 6 |  7- 9 || total
---------------------------+-------+-------+-------++-------
  Melee: Spear             |   149 |   140 |   218 ||   507
         Punch             |     1 |     1 |     2 ||     4
  Throw: Dart              |       |     2 |       ||     2
   Cast: Call Canine Famil |       |     3 |     9 ||    12
Ability: Spit Poison       |       |     2 |       ||     2
         Breathe Poison Ga |       |       |     2 ||     2
    Use: Scroll            |       |     9 |     3 ||    12
         Potion            |       |     4 |     3 ||     7
   Stab: Invisible         |     2 |       |       ||     2
         Paralysed         |     1 |       |       ||     1
         Petrifying        |       |     1 |       ||     1
         Petrified         |       |     1 |       ||     1
 Armour: Leather armour    |    81 |    92 |   178 ||   351
  Dodge: Dodged            |    38 |    52 |    91 ||   181
